 Dungeon Crawl Stone Soup version 0.29.1-1-gd02db6906a (webtiles) character file.

Game seed: 11527184526386084413

176860 sanboga the Executioner (level 17, 0/146 HPs)
             Began as a Minotaur Monk on Oct 2, 2022.
             Was the Champion of Hepliaklqana.
             Succumbed to a swamp dragon's poison gas
             ... on level 4 of the Swamp.
             The game lasted 00:50:19 (33120 turns).

sanboga the Executioner (Minotaur Monk)            Turns: 33120, Time: 00:50:19

Health: 0/146      AC: 31    Str: 24    XL:     17   Next: 52%
Magic:  26/26      EV: 17    Int:  4    God:    Hepliaklqana [******]
Gold:   574        SH:  0    Dex: 13    Spells: 16/16 levels left

rFire   . . .      SeeInvis .   a - +1 battleaxe (flame)
rCold   + . .      Faith    .   (shield currently unavailable)
rNeg    . . .      Spirit   .   y - +0 plate armour
rPois   .          Reflect  .   w - +2 hat {Will+}
rElec   +          Harm     .   D - +1 cloak of Starlight {*Dazzle EV+4 Stlth--}
rCorr   .          Rampage  ∞   O - +2 pair of gloves of the Watermelon {rElec rC+}
Will    ++++.      Rage     50% m - +3 pair of seven-league boots {Rampage+∞}
Stlth   ..........              I - necklace of Bloodlust {*Rage Will++ Int-3 Slay+6}
HPRegen 0.34/turn               F - +4 ring of evasion
MPRegen 0.20/turn               H - +4 ring of slaying

@: lethally poisoned (0 -> -31), on berserk cooldown, studying 2 skills
A: reduced essence, horns 2, retaliatory headbutt
a: Renounce Religion, Recall Ancestor, Ancestor Identity, Transference, Idealise


You were on level 4 of the Swamp.
You worshipped Hepliaklqana.
Hepliaklqana was exalted by your worship.
You visited 5 branches of the dungeon, and saw 27 of its levels.
You also visited: Sewer, Gauntlet and Ice Cave.

You collected 4931 gold pieces.
You spent 4357 gold pieces at shops.

Inventory:

Hand Weapons
 a - a +1 battleaxe of flaming (weapon)
 v - the +6 hand axe "Xaguen" {speed, *Noise rC+ SInv Stlth+}
   (You found it on level 7 of the Dungeon)

   Attacks with this weapon are significantly faster.
   rC:        It protects you from cold.
   SInv:      It lets you see invisible.
   *Noise:    It may make noises in combat.
   Stlth:     It makes you more stealthy.
Armour
 l - a +2 pair of boots of flying
 m - the +3 pair of seven-league boots (worn) {Rampage+∞}
   (You acquired it on level 3 of the Swamp)

   Its wearer moves as far as possible in that direction when moving towards
   enemies.
 w - a +2 hat of willpower (worn)
 y - a +0 plate armour (worn)
 D - the +1 cloak of Starlight (worn) {*Dazzle EV+4 Stlth--}
   (You found it in a Gauntlet)

   It may blind those who miss an attack against the wearer in melee combat.
   EV:        It affects your evasion (+4).
   Stlth:     It makes you much less stealthy.
 O - the +2 pair of gloves of the Watermelon (worn) {rElec rC+}
   (You found it on level 15 of the Dungeon)

   rC:        It protects you from cold.
   rElec:     It insulates you from electricity.
Jewellery
 F - a +4 ring of evasion (left hand)
 H - a +4 ring of slaying (right hand)
 I - the necklace of Bloodlust (around neck) {*Rage Will++ Int-3 Slay+6}
   (You bought it in a shop on level 15 of the Dungeon)

   [amulet of nothing]

   It extends the wearer's berserk rage when killing foes.
   Int:       It affects your intelligence (-3).
   Slay:      It affects your accuracy & damage with ranged weapons and melee
   (+6).
   *Rage:     It berserks you when you make melee attacks (+50% chance).
   Will:      It greatly increases your willpower.
 J - the ring "Xeoreaw" {rC+ Dex+5}
   (You found it on level 15 of the Dungeon)

   [ring of protection from cold]

   Dex:       It affects your dexterity (+5).
   rC:        It protects you from cold.
 L - a ring of ice
 N - the ring of Sin {rF+ Dex+4}
   (You found it on level 15 of the Dungeon)

   [ring of protection from fire]

   Dex:       It affects your dexterity (+4).
   rF:        It protects you from fire.
 R - the ring of Konisep {rF+ Will- Str+6 Int+4}
   (You found it on level 15 of the Dungeon)

   [ring of strength]

   Str:       It affects your strength (+6).
   Int:       It affects your intelligence (+4).
   rF:        It protects you from fire.
   Will:      It decreases your willpower.
Wands
 d - a wand of charming (23)
 f - a wand of quicksilver (22)
 i - a wand of digging (12)
 o - a wand of iceblast (12)
 p - a wand of polymorph (13)
 r - a wand of flame (52)
Scrolls
 b - 2 scrolls of enchant armour
 c - 10 scrolls of teleportation
 j - 4 scrolls of fear
 q - 13 scrolls of identify
 t - 5 scrolls of enchant weapon
 x - 3 scrolls of magic mapping
 B - 3 scrolls of summoning
 C - 2 scrolls of silence
 E - a scroll of fog
 P - 4 scrolls of blinking
Potions
 e - 5 potions of heal wounds
 g - 3 potions of ambrosia
 h - a potion of cancellation
 k - 6 potions of curing
 n - 2 potions of resistance
 s - 6 potions of mutation
 u - 3 potions of might
 z - 5 potions of invisibility
 A - a potion of flight
 G - 3 potions of berserk rage
 M - 8 potions of haste


   Skills:
 + Level 18.0 Fighting
 * Level 24.2 Axes
 + Level 17.6 Armour
 - Level 3.2 Dodging
 - Level 1.5 Stealth
 + Level 14.3 Invocations


You had 16 spell levels left.
You didn't know any spells.
Your spell library contained the following spells:

 Spells                   Type           Power      Damage    Failure   Level
 Sandblast                Erth           0%         2d4       98%         1
 Blink                    Tloc           0%         N/A       99%         2
 Ensorcelled Hibernation  Hex/Ice        0%         N/A       99%         2
 Passwall                 Tmut/Erth      0%         N/A       99%         2
 Poisonous Vapours        Pois/Air       0%         N/A       99%         2
 Static Discharge         Conj/Air       0%         3-3/arc   99%         2
 Call Canine Familiar     Summ           0%         N/A       100%        3
 Conjure Flame            Conj/Fire      0%         6-21      100%        3
 Frozen Ramparts          Ice            0%         1d1       100%        3
 Gell's Gravitas          Tloc           0%         N/A       100%        3
 Ignite Poison            Fire/Tmut/Pois 0%         N/A       100%        3
 Inner Flame              Hex/Fire       0%         N/A       100%        3
 Lesser Beckoning         Tloc           0%         N/A       100%        3
 Ozocubu's Armour         Ice            0%         N/A       100%        3
 Portal Projectile        Hex/Tloc       0%         N/A       100%        3
 Stone Arrow              Conj/Erth      0%         3d7       100%        3
 Summon Guardian Golem    Hex/Summ       0%         N/A       100%        3
 Swiftness                Air            0%         N/A       100%        3
 Teleport Other           Tloc           0%         N/A       100%        3
 Tukima's Dance           Hex            0%         N/A       100%        3
 Vampiric Draining        Necr           0%         2d6       100%        3
 Animate Armour           Summ/Erth      0%         N/A       100%        4
 Corpse Rot               Necr/Pois/Air  0%         N/A       100%        4
 Flame Wave               Conj/Fire      0%         2d4       100%        4
 Hailstorm                Conj/Ice       0%         3d3       100%        4
 Ice Form                 Ice/Tmut       0%         N/A       100%        4
 Leda's Liquefaction      Hex/Erth       0%         N/A       100%        4
 Passage of Golubria      Tloc           0%         N/A       100%        4
 Petrify                  Tmut/Erth      0%         N/A       100%        4
 Sticky Flame             Conj/Fire      0%         2d3       100%        4
 Summon Ice Beast         Ice/Summ       0%         N/A       100%        4
 Blade Hands              Tmut           0%         N/A       100%        5
 Borgnjor's Vile Clutch   Necr/Erth      0%         N/A       100%        5
 Lightning Bolt           Conj/Air       0%         1d11      100%        5
 Manifold Assault         Tloc           0%         N/A       100%        5
 Yara's Violent Unravell  Hex/Tmut       0%         3d3       100%        5
 Dispersal                Tloc           0%         N/A       100%        6
 Iron Shot                Conj/Erth      0%         9d1       100%        6
 Simulacrum               Ice/Necr       0%         N/A       100%        6
 Orb of Destruction       Conj           0%         9d5       100%        7
 Ozocubu's Refrigeration  Ice            0%         4d7       100%        7
 Spellforged Servitor     Conj/Summ      0%         N/A       100%        7
 Borgnjor's Revivificati  Necr           0%         N/A       100%        8
 Lehudib's Crystal Spear  Conj/Erth      0%         10d2      100%        8
 Maxwell's Capacitive Co  Air            0%         ∞         100%        8
 Necromutation            Tmut/Necr      0%         N/A       100%        8
 Death's Door             Necr           0%         N/A       100%        9


Dungeon Overview and Level Annotations

Branches:
Dungeon (15/15)            Temple (1/1) D:5            Lair (5/5) D:10
  Swamp (4/4) Lair:2        Snake (0/4) Lair:3        Slime (0/5) Lair:4
    Orc (2/2) D:12            Elf (0/3) Orc:2        Vaults (0/5) D:13
 Depths (0/4) D:15          Sewer (visited)           IceCv (visited)
Gauntlet (visited)

Altars:
Ashenzari
Cheibriados
Dithmenos
Fedhas
Gozag
Hepliaklqana
Kikubaaqudgha
Makhleb
Nemelex Xobeh
Qazlal
Ru
Sif Muna
Trog
Uskayaw
Vehumet
Wu Jian
Xom
Yredelemnul
Zin
The Shining One

Shops:
D:1 [   D:3 !*(((   D:13 (   D:15 ?=!   Orc:1 :   Orc:2 *?=*

Annotations:
D:3 1 runed translucent door


Innate Abilities, Weirdness & Mutations

Your life essence is reduced to manifest your ancestor. (-10% HP)
You have a pair of horns on your head.
You reflexively headbutt those who attack you in melee.


Message History

Gorp gestures at the swamp dragon while chanting.
The bolt of magma hits the swamp dragon!!
Gorp hits the swamp dragon with a +0 quarterstaff!
The swamp dragon dies!
The thorn hunter moves out of view.
Your Fighting skill increases to level 18!
Really walk into that cloud of poison gas? [Y]es or [N]o only, please.
Really walk into that cloud of poison gas? [Y]es or [N]o only, please.
Really walk into that cloud of poison gas?
Okay, then.
The five-headed hydra attacks as you move away!
The five-headed hydra bites you but does no damage. x2
The five-headed hydra bites you.
The five-headed hydra bites you but does no damage. x2
You feel yourself speed up.
You feel very sick.
The five-headed hydra barely misses you.
You furiously retaliate!
You headbutt the five-headed hydra!
The five-headed hydra closely misses you.
The five-headed hydra bites you.
* * * LOW HITPOINT WARNING * * *
The five-headed hydra bites you but does no damage. x2
The swamp dragon breathes poison at you.
The blast of poison engulfs you!
You are more poisoned.
* * * LOW HITPOINT WARNING * * *
The five-headed hydra misses you. The five-headed hydra bites you.
* * * LOW HITPOINT WARNING * * *
The five-headed hydra bites you but does no damage.
The five-headed hydra bites you.
* * * LOW HITPOINT WARNING * * *
The five-headed hydra misses you.
A swamp dragon comes into view.
A six-headed hydra comes into view.
You hear a deafening roar!
You hear a roar! x2
You are engulfed in poison gas.
You are lethally poisoned!
* * * LOW HITPOINT WARNING * * *
You die... ♣.~~.♣## DD#

♣♣.♣~~~##f##
♣♣~§~.~.~D..
♣..~..~~D♣
♣~.~○♣ ♣♣°R☼.♣
♣♣♣~.D°.♣♣
♣....°~°☼♣ ♣
♣.~~♣♣@○○♣♣~~
♣♣...~☼○○...~~
♣♣♣~~○☼○♣.~.~
♣♣.§○.~~♣♣♣
♣.~.♣♣♣♣
♣♣..~♣ ♣~..♣♣
♣~.~.♣♣♣
♣~~♣..~.~♣


You could see the friendly Gorp the battlemage, a five-headed hydra (ally
target) and 2 swamp dragons.

Vanquished Creatures
  Jorgrun (D:15)
  A tentacled monstrosity (Swamp:1)
  Kirke (D:13)
  Gastronok (D:8)
  A frost giant (D:15)
  A war gargoyle (D:15)
  A stone giant (D:15)
  An ironbound preserver (D:13)
  3 eleionomae (Swamp:1)
  A minotaur (Gauntlet)
  A bunyip (Swamp:3)
  3 great orbs of eyes (D:15)
  An ettin (D:15)
  Josephine (D:13)
  Fannar (D:10)
  3 vault guards (D:15)
  A rakshasa (D:15)
  17 hydras
  9 boulder beetles
  8 centaur warriors
  An ogre mage (D:15)
  A ghost crab (Swamp:1)
  2 catoblepae
  4 two-headed ogres
  5 death yaks (Lair:5)
  3 tengu warriors
  3 alligators
  An orc high priest (Orc:2)
  2 spriggans
  A fire crab (Lair:4)
  Lodul (D:13)
  4 skeletal warriors
  A goliath frog (Swamp:1)
  A spriggan druid (Swamp:1)
  2 sea snakes (Lair:5)
  A deep troll (D:15)
  2 swamp dragons
  A wizard (D:15)
  4 bog bodies
  10 orc knights
  A harpy (Lair:5)
  4 deep elf pyromancers
  2 necromancers
  11 ugly things
  4 orc sorcerers
  A faun (Lair:2)
  7 manticores
  2 will-o-the-wisps (Swamp:1)
  A moth of wrath (Gauntlet)
  9 cyclopes
  3 centaur zombies (D:15)
  A black mamba (shapeshifter) (D:15)
  2 black mambas
  17 elephants
  2 ice statues (IceCv)
  4 gargoyles
  A torpor snail (Lair:2)
  15 cane toads
  2 unseen horrors
  A guardian serpent (D:11)
  A yaktaur (D:15)
  A freezing wraith (D:15)
  6 ice devils (IceCv)
  9 komodo dragons
  2 demonic crawlers (D:13)
  An anaconda simulacrum (IceCv)
  8 rime drakes
  2 efreet (D:15)
  6 meliai
  10 trolls
  A troll (shapeshifter) (D:15)
  2 polar bears
  A bloated husk (Swamp:3)
  3 hornets
  A snapping turtle (Lair:5)
  A wind drake (shapeshifter) (D:15)
  16 blink frogs
  A harpy skeleton (D:15)
  4 dream sheep (Lair:5)
  A raiju (shapeshifter) (D:15)
  2 slime creatures
  7 tyrant leeches
  15 wyverns
  4 dire elephant simulacra (IceCv)
  A vampire (D:14)
  3 wraiths
  2 fire bats (Gauntlet)
  4 hogs (D:13)
  44 yaks
  A hog (shapeshifter) (D:15)
  A yak (shapeshifter) (D:13)
  7 basilisks
  A steam dragon (Lair:5)
  7 vampire mosquitoes
  3 redbacks (Gauntlet)
  9 swamp worms
  6 wargs
  A harpy simulacrum (IceCv)
  A naga (Lair:3)
  A hydra simulacrum (IceCv)
  An acid dragon (D:11)
  13 water moccasins
  A floating eye (Lair:4)
  2 hell hounds
  A hornet zombie (D:15)
  31 orc warriors
  3 sky beasts (D:7)
  A black bear (D:5)
  13 ogres
  3 boggarts (D:12)
  41 wolves
  13 centaurs
  3 phantoms
  2 kobold brigands
  7 bullfrogs
  A necrophage (D:5)
  2 gnoll sergeants
  3 scorpions
  7 wights
  Dowan (D:6)
  8 killer bees
  An electric eel (Lair:4)
  5 howler monkeys
  5 hounds
  A gnoll bouda (D:8)
  7 orc priests
  3 iron imps (D:3)
  2 iguanas (D:7)
  Terence (D:3)
  A human skeleton (D:3)
  Natasha (twice) (D:3)
  18 orc wizards
  2 hell rats (D:14)
  2 merfolk avatars
  A merfolk siren (Sewer)
  A troll simulacrum (IceCv)
  2 small abominations (D:13)
  13 gnolls
  3 river rats (Sewer)
  11 adders
  A shadow imp (D:5)
  A white imp (D:8)
  2 ufetubi
  2 worms
  2 dart slugs (D:1)
  81 orcs
  7 endoplasms
  9 giant cockroaches
  4 goblins
  7 hobgoblins
  8 jackals
  11 kobolds
  4 quokkas
  11 ball pythons
  4 bats
  6 frilled lizards
  27 rats
  A fungus (Orc:2)
  A plant (Lair:1)
821 creatures vanquished.

Vanquished Creatures (collateral kills)
  A fenstrider witch (Swamp:3)
  A great orb of eyes (D:15)
  A hydra (Swamp:2)
  A rakshasa (D:15)
  The ghost of Juicyj the Cruncher, a journeyman MiFi of Ashenzari (D:11)
  A vault guard (D:15)
  A boulder beetle (D:15)
  5 centaur warriors
  An alligator (Swamp:2)
  A catoblepas (Lair:3)
  A hell hog (Gauntlet)
  2 tengu warriors
  2 spriggans (Swamp:1)
  3 goliath frogs
  4 skeletal warriors
  A glowing orange brain (D:13)
  2 bog bodies (Swamp:2)
  3 swamp dragons
  A harpy (Lair:5)
  An orc knight (Orc:2)
  A deep elf pyromancer (D:14)
  A cyclops (D:13)
  An ugly thing (D:12)
  6 elephants
  A black mamba (Lair:5)
  An eye of devastation (Lair:4)
  4 cane toads
  Psyche (D:11)
  3 rime drakes
  2 demonic crawlers (D:13)
  A tengu conjurer (D:15)
  A komodo dragon (Lair:5)
  An efreet (D:13)
  2 ice devils (IceCv)
  A tyrant leech (Swamp:1)
  A troll (D:13)
  A bloated husk (Swamp:3)
  A hornet (Swamp:1)
  Grinder (D:6)
  2 blink frogs
  2 wyverns
  2 basilisks
  3 wraiths
  A vampire (D:11)
  9 yaks
  Eustachio (D:5)
  4 vampire mosquitoes
  Edmund (D:6)
  A naga (Lair:3)
  A floating eye (D:13)
  Duvessa (D:6)
  6 water moccasins
  3 hydra simulacra (IceCv)
  7 orc warriors
  A swamp drake (D:12)
  4 ogres
  A black bear (D:7)
  A boggart (D:12)
  2 wolves
  2 centaurs
  2 phantoms
  Blork the orc (D:5)
  2 bullfrogs
  A two-headed ogre simulacrum (IceCv)
  5 wights
  3 killer bees
  An elephant simulacrum (IceCv)
  7 orc priests
  A hound (D:7)
  5 orc wizards
  4 hell rats (D:14)
  3 gnolls
  A shadow imp (D:7)
  A dart slug (D:6)
  29 orcs
  A goblin (D:4)
  5 kobolds
  A bush (Lair:5)
193 creatures vanquished.

Vanquished Creatures (others)
  An orc knight (Orc:2)
  A water moccasin (D:7)
  A bullfrog (Lair:4)
  A small abomination (D:13)
  Natasha (D:3)
  11 battlemagi
  A quokka (D:3)
  4 foxfires (Swamp:1)
  27 fungi
  54 plants
102 creatures vanquished.

Grand Total: 1116 creatures vanquished

Notes
Turn   | Place    | Note
-------+----------+-------------------------------------------
     0 | D:1      | sanboga the Minotaur Monk began the quest for the Orb.
     0 | D:1      | Reached XP level 1. HP: 19/19 MP: 0/0
   149 | D:1      | Reached skill level 4 in Axes
   225 | D:1      | Reached XP level 2. HP: 27/27 MP: 1/1
   267 | D:1      | Reached skill level 1 in Armour
   490 | D:1      | Found Wizxir's Antique Armour Emporium.
   535 | D:1      | Reached XP level 3. HP: 30/33 MP: 2/2
  1144 | D:2      | Found a hide-covered altar of Uskayaw.
  1262 | D:2      | Found a faded altar of an unknown god.
  1550 | D:2      | Reached XP level 4. HP: 29/41 MP: 3/3
  1947 | D:3      | Found Sextyma's Weapon Boutique.
  1964 | D:3      | Reached skill level 5 in Axes
  1974 | D:3      | Reached XP level 5. HP: 34/47 MP: 4/4
  1993 | D:3      | Found Opronnon's Distillery.
  2433 | D:3      | Found Uhapnam's Antique Weapon Boutique.
  2453 | D:3      | Found Banwaer's Weapon Emporium.
  2473 | D:3      | Noticed Terence
  2481 | D:3      | Killed Terence
  2568 | D:3      | Found Vazojih's Assorted Antiques.
  2585 | D:3      | Bought a scroll labelled CIGOFU TELYEW for 27 gold pieces
  2585 | D:3      | Bought a scroll labelled RECLIM HABLET for 27 gold pieces
  2585 | D:3      | Bought a scroll labelled BECVAL WOUHA for 27 gold pieces
  2585 | D:3      | Bought a scroll labelled MAFALIU MUAHOC for 27 gold pieces
  2620 | D:3      | Reached skill level 6 in Axes
  2637 | D:3      | Noticed a human
  2638 | D:3      | Found a runed translucent door.
  2651 | D:3      | Found a basalt altar of Yredelemnul.
  2698 | D:3      | Noticed Natasha
  2711 | D:3      | Killed Natasha
  2712 | D:3      | Reached skill level 5 in Fighting
  2809 | D:3      | Bought 2 potions of degeneration for 24 gold pieces
  2817 | D:3      | Noticed Natasha
  2823 | D:3      | Killed Natasha
  2859 | D:3      | Found an opulent altar of Gozag.
  2872 | D:3      | Reached XP level 6. HP: 43/56 MP: 5/5
  3077 | D:3      | Found a burning altar of Makhleb.
  3240 | D:3      | Noticed Natasha
  3251 | D:3      | Killed Natasha
  3554 | D:3      | Bought a potion of curing for 36 gold pieces
  3652 | D:4      | Noticed an angel
  3653 | D:4      | Found a shimmering altar of Xom.
  3653 | D:4      | Found a glowing silver altar of Zin.
  3673 | D:4      | Found a glowing drain.
  3697 | D:4      | HP: 2/84 [ogre/+0 giant club (14)]
  3701 | D:4      | Reached skill level 7 in Axes
  3754 | Sewer    | Entered a sewer
  3973 | Sewer    | Reached XP level 7. HP: 62/62 MP: 6/6
  4918 | D:4      | Found a sparkling altar of Nemelex Xobeh.
  5029 | D:5      | Entered Level 5 of the Dungeon
  5072 | D:5      | Reached skill level 8 in Axes
  5224 | D:5      | Reached skill level 5 in Armour
  5251 | D:5      | Found a staircase to the Ecumenical Temple.
  5280 | Temple   | Entered the Ecumenical Temple
  5322 | Temple   | Became a worshipper of Hepliaklqana the Forgotten
  5322 | Temple   | Reached * piety under Hepliaklqana
  5322 | Temple   | Reached ** piety under Hepliaklqana
  5323 | Temple   | Remembered your ancestor Gorp as a battlemage
  5354 | D:5      | Noticed Blork the orc
  5360 | D:5      | Killed Blork the orc
  5361 | D:5      | Reached XP level 8. HP: 51/63 MP: 5/7
  5596 | D:1      | Bought a runed cloak for 187 gold pieces
  5907 | D:5      | Found a shadowy altar of Dithmenos.
  5988 | D:5      | Noticed Eustachio
  6012 | D:5      | Killed Eustachio
  6013 | D:5      | Reached skill level 9 in Axes
  6198 | D:6      | Noticed Edmund
  6205 | D:6      | Killed Edmund
  6338 | D:6      | Noticed Duvessa
  6338 | D:6      | Noticed Dowan
  6346 | D:6      | Killed Duvessa
  6350 | D:6      | Killed Dowan
  6351 | D:6      | Reached skill level 10 in Axes
  6653 | D:6      | Found a snail-covered altar of Cheibriados.
  6654 | D:6      | Reached XP level 9. HP: 31/72 MP: 6/8
  6904 | D:6      | Found a blossoming altar of Fedhas.
  6904 | D:6      | Found an ancient bone altar of Kikubaaqudgha.
  7364 | D:6      | Noticed Grinder
  7369 | D:6      | Killed Grinder
  7416 | D:7      | Reached skill level 11 in Axes
  7745 | D:3      | Bought a fizzy purple potion for 24 gold pieces
  7745 | D:3      | Bought 2 black potions for 48 gold pieces
  7902 | D:7      | Reached *** piety under Hepliaklqana
  8020 | D:7      | Found a stormy altar of Qazlal.
  8040 | D:7      | Noticed a red ugly thing
  8046 | D:7      | Reached skill level 1 in Invocations
  8068 | D:7      | Reached skill level 12 in Axes
  8085 | D:7      | Killed a red ugly thing
  8086 | D:7      | Reached XP level 10. HP: 57/81 MP: 10/10
  8108 | D:7      | Identified the +6 hand axe "Xaguen" {speed, *Noise rC+ SInv
                  | Stlth+}
  8587 | D:8      | Noticed Gastronok
  8607 | D:8      | Killed Gastronok
  8608 | D:8      | Reached skill level 13 in Axes
  9161 | D:8      | Reached skill level 10 in Fighting
  9334 | D:9      | Found a glowing golden altar of the Shining One.
  9343 | D:9      | Identified a scroll of acquirement
  9344 | D:9      | Acquired 1042 gold pieces
  9399 | D:9      | Found a shimmering blue altar of Sif Muna.
 10056 | D:1      | Bought the +3 Mad Mage's Maulers {Infuse+∞ RegenMP Int-3}
                  | for 1000 gold pieces
 10056 | D:1      | Found the +3 Mad Mage's Maulers {Infuse+∞ RegenMP Int-3}
 10599 | D:1      | Bought a pair of embroidered boots for 187 gold pieces
 10990 | D:9      | Noticed a two-headed ogre
 11007 | D:9      | Killed a two-headed ogre
 11008 | D:9      | Reached skill level 14 in Axes
 11009 | D:9      | Reached XP level 11. HP: 60/90 MP: 0/13
 11349 | D:9      | Acquired 611 gold pieces
 11580 | D:10     | Entered Level 10 of the Dungeon
 11580 | D:10     | Noticed a tengu warrior
 11590 | D:10     | Killed a tengu warrior
 11650 | D:10     | Reached **** piety under Hepliaklqana
 11652 | D:10     | Noticed Fannar
 11663 | D:10     | Killed Fannar
 11664 | D:10     | Reached skill level 10 in Armour
 11664 | D:10     | Reached skill level 5 in Invocations
 11869 | D:10     | Found an ornate altar of the Wu Jian Council.
 11966 | D:10     | Found a staircase to the Lair.
 12290 | D:10     | Found a radiant altar of Vehumet.
 12297 | D:10     | Reached skill level 15 in Axes
 12723 | Lair:1   | Entered Level 1 of the Lair of Beasts
 13088 | D:11     | Noticed Psyche
 13098 | D:11     | Killed Psyche
 13452 | D:11     | Found a large runed translucent door.
 13452 | D:11     | Found a large runed translucent door.
 13454 | D:11     | Noticed Juicyj's ghost (journeyman MiFi)
 13624 | D:11     | Killed Juicyj's ghost
 13776 | D:11     | Reached ***** piety under Hepliaklqana
 13845 | D:12     | Noticed a deep elf pyromancer
 13851 | D:12     | Killed a deep elf pyromancer
 13852 | D:12     | Reached XP level 12. HP: 62/99 MP: 0/15
 14051 | D:12     | Found a staircase to the Orcish Mines.
 14052 | D:12     | Noticed an eight-headed hydra
 14070 | D:12     | Killed a five-headed hydra
 14071 | D:12     | Reached skill level 16 in Axes
 14457 | D:12     | Noticed a boulder beetle
 14465 | D:12     | Killed a boulder beetle
 14736 | D:12     | Noticed a two-headed ogre
 14743 | D:12     | Killed a two-headed ogre
 15240 | D:12     | Identified the +0 kite shield of Vehumet's Whim {rPois
                  | MP+9}
 15314 | D:12     | Noticed an eight-headed hydra
 15785 | D:13     | Noticed a centaur warrior
 15790 | D:13     | Killed a centaur warrior
 15791 | D:13     | Reached skill level 17 in Axes
 16132 | D:13     | Noticed a two-headed ogre
 16139 | D:13     | Killed a two-headed ogre
 16258 | D:13     | Noticed a centaur warrior
 16263 | D:13     | Killed a centaur warrior
 16624 | D:13     | Reached XP level 13. HP: 54/107 MP: 1/18
 16893 | D:13     | Noticed Josephine
 16908 | D:13     | Killed Josephine
 17037 | D:13     | Reached skill level 18 in Axes
 17053 | D:13     | Got the Catalogue of Metallic Heat
 17325 | D:13     | Noticed an ironbound preserver
 17326 | D:13     | Found a gate to the Vaults.
 17335 | D:13     | Killed an ironbound preserver
 17936 | D:13     | Noticed Kirke
 17950 | D:13     | Killed Kirke
 18046 | D:13     | Found Hakhle's Weapon Shoppe.
 18251 | D:13     | Noticed Lodul
 18258 | D:13     | Killed Lodul
 18700 | D:14     | Found a gate leading to a gauntlet.
 18709 | Gauntlet | Entered a Gauntlet
 18709 | Gauntlet | Found a transporter.
 18718 | Gauntlet | Found a transporter.
 18720 | Gauntlet | Noticed a quicksilver ooze
 18735 | Gauntlet | Found a transporter.
 18739 | Gauntlet | Found a transporter.
 18761 | Gauntlet | Found a transporter.
 18806 | Gauntlet | Found a transporter.
 18806 | Gauntlet | Found a transporter.
 18818 | Gauntlet | Found the +1 cloak of Starlight {*Dazzle EV+4 Stlth--}
 18821 | Gauntlet | Found a transporter.
 18843 | Gauntlet | Found a transporter.
 18848 | Gauntlet | Found a transporter.
 18852 | Gauntlet | Found a transporter.
 18854 | Gauntlet | Found a runed translucent gate.
 18854 | Gauntlet | Found a runed translucent gate.
 18854 | Gauntlet | Found a runed translucent gate.
 18861 | Gauntlet | Found a transporter.
 19100 | Gauntlet | Reached skill level 19 in Axes
 19295 | Gauntlet | Noticed a minotaur
 19299 | Gauntlet | Killed a minotaur
 19308 | Gauntlet | Identified the +6 falchion of the Owl {protect, rC++ Will+}
 19309 | Gauntlet | Got the Commentary on Earth
 19309 | Gauntlet | Got Zuhaurit's Spellbook of Translocated Profane Deeds
 19425 | D:14     | Reached XP level 14. HP: 47/118 MP: 1/20
 19426 | D:14     | HP: 2/118 [skeletal warrior/+0 glaive (21)]
 20498 | D:14     | Reached skill level 10 in Invocations
 21779 | D:15     | Entered Level 15 of the Dungeon
 21817 | D:15     | Reached skill level 20 in Axes
 21965 | D:15     | Found Zuclont's Jewellery Shop.
 21971 | D:15     | Found a transporter.
 21984 | D:15     | Bought the necklace of Bloodlust {*Rage Will++ Int-3
                  | Slay+6} for 679 gold pieces
 21984 | D:15     | Found the necklace of Bloodlust {*Rage Will++ Int-3 Slay+6}
 22077 | D:15     | Reached skill level 15 in Fighting
 22098 | D:15     | Found a transporter.
 22254 | D:15     | Found Zaurog's Distillery.
 22263 | D:15     | Bought a potion of heal wounds for 55 gold pieces
 22263 | D:15     | Bought a potion of heal wounds for 55 gold pieces
 22269 | D:15     | Noticed Jorgrun
 22278 | D:15     | Killed Jorgrun
 22284 | D:15     | Reached XP level 15. HP: 30/126 MP: 0/22
 22614 | D:15     | Identified the ring "Xeoreaw" {rC+ Dex+5}
 22745 | D:15     | Reached skill level 15 in Armour
 22849 | D:15     | Found a staircase to the Depths.
 22849 | D:15     | Noticed a frost giant
 22855 | D:15     | Killed a frost giant
 22933 | D:15     | Reached skill level 21 in Axes
 22988 | D:15     | Identified the +9 whip of Jothrot {freeze, rN+ Int+2}
 23277 | D:15     | Identified the ring of Sin {rF+ Dex+4}
 23321 | D:15     | Identified the +2 pair of gloves of the Watermelon {rElec
                  | rC+}
 23349 | D:15     | Found Yxkeduv's Magic Scroll Emporium.
 23359 | D:15     | Bought a scroll of enchant weapon for 90 gold pieces
 23359 | D:15     | Bought 3 scrolls of blinking for 270 gold pieces
 23359 | D:15     | Bought a scroll of fear for 48 gold pieces
 23425 | D:15     | Identified the +0 helmet of Anaesthesia {rPois rN+}
 23568 | D:15     | Identified the ring of Konisep {rF+ Will- Str+6 Int+4}
 24606 | Lair:2   | Found a staircase to the Swamp.
 24917 | Lair:2   | Reached ****** piety under Hepliaklqana
 25234 | Swamp:1  | Entered Level 1 of the Swamp
 25560 | Lair:3   | Reached skill level 22 in Axes
 25756 | Lair:3   | Reached XP level 16. HP: 126/136 MP: 23/23
 25862 | Lair:3   | Found a staircase to the Snake Pit.
 26246 | Lair:4   | Found a staircase to the Slime Pits.
 26263 | Lair:4   | Paralysed by a floating eye for 3 turns
 26281 | Lair:4   | Found a frozen archway.
 26290 | IceCv    | Entered an ice cave
 26722 | IceCv    | Acquired 354 gold pieces
 27426 | Lair:5   | Entered Level 5 of the Lair of Beasts
 27475 | Lair:5   | Identified the +6 quarterstaff "Feyrrugu" {drain, Fly rN++
                  | Int+4 Dex-2 SInv}
 27645 | Lair:5   | Reached skill level 23 in Axes
 28655 | Lair:5   | Identified the +1 trident of Urgency {vorpal, Str+5 SInv}
 29116 | Orc:1    | Entered Level 1 of the Orcish Mines
 29130 | Orc:1    | Found Quer's Vocational Training.
 29149 | Orc:1    | Bought a manual of Invocations for 800 gold pieces
 29552 | Orc:2    | Entered Level 2 of the Orcish Mines
 29631 | Orc:2    | Found a staircase to the Elven Halls.
 29732 | Orc:2    | Found Jylin's General Store.
 29732 | Orc:2    | Found Ovad's Magic Scroll Shop.
 29763 | Orc:2    | Bought a potion of heal wounds for 90 gold pieces
 29773 | Orc:2    | Bought a scroll of enchant armour for 120 gold pieces
 29773 | Orc:2    | Bought a scroll of magic mapping for 120 gold pieces
 30245 | Orc:2    | Found Ohudeur's Assorted Antiques.
 30255 | Orc:2    | Reached XP level 17. HP: 145/145 MP: 25/25
 30265 | Orc:2    | Bought a potion of heal wounds for 160 gold pieces
 30265 | Orc:2    | Bought a potion of mutation for 256 gold pieces
 30272 | Orc:2    | Found Liateoj's Jewellery Emporium.
 30770 | Swamp:1  | Noticed a tentacled monstrosity
 30780 | Swamp:1  | Killed a tentacled monstrosity
 31123 | Swamp:1  | Identified the +7 whip of the Volcano {vorpal, rElec rN+++
                  | Str+2 Stlth-}
 31663 | Swamp:2  | Found a hide-covered altar of Uskayaw.
 31781 | Swamp:2  | Reached skill level 24 in Axes
 32335 | Swamp:3  | Acquired the +3 pair of seven-league boots {Rampage+∞}
 32335 | Swamp:3  | Found the +3 pair of seven-league boots {Rampage+∞}
 33083 | Swamp:4  | Entered Level 4 of the Swamp
 33120 | Swamp:4  | Succumbed to a swamp dragon's poison gas

Illustrated notes

Levels and vault maps discovered:
D:1:      matt_arrival_spirals, layout_basic, serial_shops, nicolae_shop_stone,
          nicolae_wormholes
D:2:      kennysheep_big_flooded_room, layout_loops_ring, basic_altar,
          hellmonk_ecumenical_altar_leap_of_faith
D:3:      layout_rooms, mainiacjoe_overflow_six_doors_small,
          dk_yredelemnul_ordeal, demons_altar, serial_shops,
          nicolae_shop_window_shopping, nicolae_shop_behind_doors,
          nicolae_shop_bloodbath_and_beyond, shop, shop_statue,
          lemuel_flame_loot_1, uniq_terence, uniq_natasha
D:4:      layout_loops_ring, nemelex_spade_bored_becter,
          grunt_temple_overflow_order_and_chaos_1, gup_sewer_entry_glass,
          nrook_uturn
D:5:      layout_basic, mainiacjoe_overflow_tiny_flanked,
          minmay_temple_entry_overgrown, kennysheep_generic_room_10,
          uniq_eustachio, uniq_blork_the_orc
D:6:      layout_basic, grunt_temple_overflow_growth_and_decay,
          kennysheep_slug_shrine, uniq_duvessa, uniq_edmund, uniq_grinder
D:7:      layout_loops_ring, overflow_temple_1_default, grunt_potential
D:8:      layout_loops_ring, serial_glass, glass_columns_b, glass_columns_a,
          uniq_gastronok
D:9:      layout_basic, nicolae_tso_carved_into_rock,
          nicolae_sif_muna_condensation, special_room [special_room_orc],
          serial_bayou_pond_b
D:10:     layout_loops_ring, nicolae_vehumet_radiance,
          nicolae_wu_jian_wuxing_cycle, minmay_lair_entry_grove,
          kennysheep_big_empty_room, minmay_liquid_box, uniq_fannar
D:11:     layout_rooms, ebering_ghost_disaster_area,
          nrook_guardian_serpent_ordinary, uniq_psyche
D:12:     lemuel_ice_spiral_2, layout_basic, erik_orc_1
D:13:     cheibrodos_hippocracy, layout_stronghold,
          skrybe_vaults_entry_preservation, serial_shops,
          nicolae_shop_waterfront, uniq_josephine, uniq_kirke, uniq_lodul
D:14:     layout_long_grid, special_room [special_room_mythical_zoo],
          chequers_serial_rivers_room_b, gauntlet_entry_generic
D:15:     hangedman_spin_cycle, uniq_jorgrun
Temple:   nicolae_temple_great_sept
Lair:1:   layout_chaotic_city
Lair:2:   layout_hall_layers, minmay_swamp_entry_swarm,
          grunt_forest_large_clearings
Lair:3:   layout_small_grid, guppyfry_snake_entry_island, serial_bayou_ford_a
Lair:4:   layout_gridlike, minmay_slime_entry_eyes,
          portal_ice_cave_entry_pillars_1
Lair:5:   gammafunk_lair_ancient_temple, layout_loops_ring, grunt_megastairs_3
Swamp:1:  layout_basic_swamp, serial_swamp_ruin, evilmike_swamp_ruin_rubble_1,
          evilmike_swamp_ruin_house_4
Swamp:2:  layout_falls_marsh, lemuel_altar_in_water
Swamp:3:  layout_basic_swamp, evilmike_swamp_ruin_house_5
Swamp:4:  swamp, layout_basic_swamp
Orc:1:    layout_caves, hellmonk_bongcloud_opening, nicolae_shop_vocational
Orc:2:    st_orc_town, layout_caves, nicolae_orc_damp_corner

Skill      XL: |  1  2  3  4  5  6  7  8  9 10 11 12 13 14 15 16 17 |
---------------+----------------------------------------------------+-----
Axes           | 4 5 6 7 8 10 12 14 15 17 19 20 22 23 24 | 24.2
Armour         | 1 2 3 4 5 6 8 9 11 12 13 14 15 17 | 17.6
Fighting       | 4 5 6 7 9 10 11 12 14 15 16 17 18 | 18.0
Invocations    | 2 4 6 8 9 10 11 13 14 | 14.3
Dodging        | |  3.2
Stealth        | |  1.5

Action                   |  1- 3 |  4- 6 |  7- 9 | 10-12 | 13-15 | 16-18 || total
-------------------------+-------+-------+-------+-------+-------+-------++-------
Melee: Hand axe          |    86 |   126 |   180 |    92 |       |       ||   484
       Headbutt          |    23 |    28 |    45 |    75 |   117 |    97 ||   385
       Punch             |       |     1 |     2 |     2 |       |       ||     5
       War axe           |       |       |    99 |       |       |       ||    99
       Battleaxe         |       |       |       |   290 |   503 |   409 ||  1202
Invok: Ancestor Life: Ba |       |       |     1 |       |       |       ||     1
       Ancestor Identity |       |       |     1 |       |       |       ||     1
       Recall Ancestor   |       |       |       |       |     1 |       ||     1
Evoke: Wand              |       |       |     5 |       |       |       ||     5
  Use: Scroll            |       |    10 |     3 |     7 |     5 |     5 ||    30
       Potion            |       |     9 |       |     3 |     2 |     2 ||    16
 Stab: Sleeping          |     4 |       |       |       |       |       ||     4
       Distracted        |       |       |     1 |     5 |    10 |    10 ||    26
       Confused          |       |       |       |     1 |       |       ||     1
       Invisible         |       |       |       |       |     7 |    11 ||    18
Armor: Robe              |    19 |       |       |       |       |       ||    19
       Chain mail        |    21 |    49 |   185 |    23 |       |       ||   278
       Skin              |       |    99 |       |       |       |       ||    99
       Plate armour      |       |       |       |   305 |   305 |   290 ||   900
Dodge: Dodged            |    58 |    58 |   119 |   162 |   252 |   319 ||   968
Block: Other             |       |       |       |    46 |    62 |       ||   108
       Reflection        |       |       |       |     4 |     5 |       ||     9
